 Dungeon Crawl Stone Soup version 0.27-a0-1434-g6f15984924 (webtiles) character file.

Game seed: 3203283639297734422

627 ipx the Conjurer (level 7, -1/36 HPs)
             Began as a Deep Elf Fire Elementalist on July 3, 2021.
             Slain by a killer bee (5 damage)
             ... on level 4 of the Dungeon.
             The game lasted 00:26:50 (1858 turns).

ipx the Conjurer (Deep Elf Fire Elementalist)       Turns: 1858, Time: 00:26:50

Health: -1/36      AC:  4    Str:  5    XL:     7   Next: 23%
Magic:  9/16       EV: 13    Int: 22    God:
Gold:   135        SH:  0    Dex: 15    Spells: 6/16 levels left

rFire    + . .     SeeInvis .   b - 2 scrolls of identify
rCold    . . .     Faith    .   (no shield)
rNeg     . . .     Spirit   .   i - +0 robe
rPois    .         Reflect  .   n - +0 helmet
rElec    .         Harm     .   (no cloak)
rCorr    .         Rampage  .   (no gloves)
Will     .....                  l - +0 pair of boots
Stlth    ++........             (no amulet)
HPRegen  0.12/turn              f - ring of protection from fire
MPRegen  0.15/turn              (no ring)

@: lethally poisoned (-1 -> -6)
A: no striking features
a: no special abilities


You were on level 4 of the Dungeon.
You visited 1 branch of the dungeon, and saw 5 of its levels.

You collected 135 gold pieces.

Inventory:

Hand Weapons
 a - a +2 dagger of freezing
Armour
 i - a +0 robe (worn)
 l - a +0 pair of boots (worn)
 n - a +0 helmet (worn)
Jewellery
 f - a ring of protection from fire (left hand)
 m - the amulet of Tithraj {Spirit *Corrode Slay+5}
   (You found it on level 4 of the Dungeon)

   [amulet of guardian spirit]

   It causes incoming damage to be divided between your reserves of health and
   magic.
   Slay:      It affects your accuracy & damage with ranged weapons and melee
   (+5).
   *Corrode:  It may corrode you when you take damage.
Scrolls
 b - 2 scrolls of identify (in hand)
 c - a scroll of enchant weapon
 h - a scroll of teleportation {unknown}
 j - a scroll of amnesia {unknown}
 k - a scroll of enchant armour {unknown}
Potions
 d - a potion of curing
 e - a potion of might {unknown}
 g - a potion of cancellation {unknown}


   Skills:
 + Level 3.4 Dodging
 - Level 3.0 Stealth
 - Level 5.0 Spellcasting
 + Level 5.7 Conjurations
 + Level 5.6 Fire Magic


You had 6 spell levels left.
You knew the following spells:

 Your Spells              Type           Power      Damage    Failure   Level
a - Blink                 Tloc           N/A        N/A       16%         2
c - Conjure Flame         Conj/Fire      30%        6-21      3%          3
t - Sticky Flame          Conj/Fire      30%        2d5       10%         4
x - Foxfire               Conj/Fire      100%       2x1d9     1%          1

Your spell library contained the following spells:

 Spells                   Type           Power      Damage    Failure   Level
 Inner Flame              Hex/Fire       18%        N/A       10%         3
 Fireball                 Conj/Fire      15%        3d8       26%         5
 Lesser Beckoning         Tloc           2%         N/A       30%         3
 Manifold Assault         Tloc           5%         N/A       95%         5


Dungeon Overview and Level Annotations

Branches:
Dungeon (5/15)
 Temple: D:4-7

Altars:
Ru


Message History

You swing at nothing.
You swing at nothing.
You swing at nothing.
A gnoll shaman wielding a club comes into view.
Casting: Sticky Flame (quite dangerous; 10% risk of failure)
Confirm with . or Enter, or press ? or * to list all spells.
You conjure some foxfire!
Casting: Foxfire (safe; 1% risk of failure)
Confirm with . or Enter, or press ? or * to list all spells.
You conjure some foxfire!
The foxfire hits the gnoll shaman.
The gnoll shaman is moderately wounded.
Casting: Foxfire (safe; 1% risk of failure)
Confirm with . or Enter, or press ? or * to list all spells.
You conjure some foxfire!
The foxfire hits the gnoll shaman.
The gnoll shaman is heavily wounded.
The foxfire hits the gnoll shaman.
The gnoll shaman is severely wounded.
The foxfire hits the gnoll shaman.
The gnoll shaman is almost dead.
The foxfire hits the gnoll shaman.
You kill the gnoll shaman!
Your foxfire dissipates!
You climb downwards. 4 killer bees come into view.
The killer bee buzzes angrily. x3
Found a stone staircase leading up.
There is a stone staircase leading up here.
The killer bee barely misses you. The killer bee stings you. x2
The killer bee misses you. The killer bee stings you!
You climb upwards.
There is a stone staircase leading down here.
As you read the scroll labelled TUWAMY DESKU, it crumbles to dust.
It is a scroll of identify.
c - a scroll of enchant weapon The killer bee stings you!
* * * LOW HITPOINT WARNING * * *
You are lethally poisoned!
The killer bee poisons you! The killer bee misses you.
The killer bee closely misses you. The killer bee stings you.
You die...

.....##...#........###.........##
.........##.......#.###.........#
.##......#...........#..)###....#
..#..................#...........
...........).....................
...#.##..........................
..##..#..#........(.......#......
..#...#..###....y....)#.###...##.
...#......##..##@.....#.#.....#.#
#.............#.y................
...........##.......#..........##
.##.................#...........#
.#.##......##....................
[......###..#......[..###...##...
.......###..[...............##...
.................................
....(.###......................##


You could see 2 killer bees.

Vanquished Creatures
  Sigmund (D:3)
  A gnoll sergeant (D:4)
  A gnoll shaman (D:4)
  An iguana (D:4)
  3 orc wizards (D:3)
  A hound skeleton (D:2)
  Robin (D:2)
  11 gnolls
  3 adders
  A worm (D:4)
  A dart slug (D:4)
  9 orcs
  7 ball pythons
  5 bats
  5 endoplasms
  4 giant cockroaches
  13 goblins
  7 hobgoblins
  11 jackals
  A quokka (D:1)
  A frilled lizard (D:2)
  6 kobolds
  3 rats
97 creatures vanquished.

Vanquished Creatures (collateral kills)
  5 foxfires (D:3)
5 creatures vanquished.

Vanquished Creatures (others)
  301 foxfires
  11 plants (D:3)
312 creatures vanquished.

Grand Total: 414 creatures vanquished

Notes
Turn   | Place    | Note
-------+----------+-------------------------------------------
     0 | D:1      | ipx the Deep Elf Fire Elementalist began the quest for the
                  | Orb.
     0 | D:1      | Reached XP level 1. HP: 10/10 MP: 6/6
    86 | D:1      | Reached XP level 2. HP: 15/15 MP: 4/8
   369 | D:2      | Noticed Robin
   438 | D:2      | Reached XP level 3. HP: 19/19 MP: 4/9
   442 | D:2      | Learned a level 3 spell: Conjure Flame
   765 | D:2      | Killed Robin
   767 | D:2      | Reached XP level 4. HP: 19/24 MP: 2/10
   812 | D:2      | Learned a level 4 spell: Sticky Flame
   880 | D:3      | Noticed Sigmund
   897 | D:3      | Killed Sigmund
   898 | D:3      | Reached XP level 5. HP: 28/28 MP: 0/13
   984 | D:3      | Reached XP level 6. HP: 32/32 MP: 6/14
  1033 | D:3      | Found a sacrificial altar of Ru.
  1093 | D:3      | Reached skill level 5 in Conjurations
  1105 | D:3      | Learned a level 2 spell: Blink
  1127 | D:3      | Reached skill level 5 in Fire Magic
  1346 | D:4      | Reached skill level 5 in Spellcasting
  1456 | D:4      | Identified the amulet of Tithraj {Spirit *Corrode Slay+5}
  1713 | D:4      | Reached XP level 7. HP: 33/36 MP: 6/16
  1855 | D:5      | Entered Level 5 of the Dungeon
  1858 | D:4      | Slain by a killer bee

Illustrated notes

Levels and vault maps discovered:
D:1:      heliophobic_arrival_glass_houses, layout_basic,
          chequers_ecumenical_altar_grove, st_stairs_5
D:2:      layout_loops_ring, uniq_robin
D:3:      layout_basic, old_standard_altar, chequers_temple_overflow_minitemple,
          serial_bayou, serial_bayou_crossing, serial_bayou_shore_a,
          serial_bayou_lagoon_a, serial_bayou_shore_b, serial_bayou_ford_a,
          uniq_sigmund
D:4:      lemuel_castle_with_subvaults [lemuel_castle_interior_carwin_3],
          layout_cave_pools, marbit_many_paths
D:5:      minmay_skewed_foursquare, layout_basic, kennysheep_little_box,
          minmay_temple_entry_stoned_glass, chequers_serial_rivers_micro_d,
          uniq_ijyb

Skill      XL: |  1  2  3  4  5  6 |
---------------+-------------------+-----
Conjurations   | 2 3 4 5 |  5.7
Stealth        | 3 |  3.0
Fire Magic     | 4 5 |  5.6
Spellcasting   | 4 5 |  5.0
Dodging        | 3 |  3.4

Action                   |  1- 3 |  4- 6 |  7- 9 || total
-------------------------+-------+-------+-------++-------
Melee: Dagger            |       |     1 |       ||     1
 Cast: Foxfire           |    57 |   108 |    17 ||   182
       Conjure Flame     |       |     1 |       ||     1
       Sticky Flame      |       |     1 |     1 ||     2
  Use: Scroll            |       |       |     1 ||     1
       Potion            |       |       |     1 ||     1
Armor: Robe              |     4 |       |       ||     4
Dodge: Dodged            |     7 |    11 |     4 ||    22

Table legend: (Time is in decaauts)
 A = Elapsed time spent in this place.
 B = Non-inter-level travel time spent in this place.
 C = Inter-level travel time spent in this place.
 D = Time resting spent in this place.
 E = Time spent auto-exploring this place.
 F = Levels seen in this place.
 G = Mean time per level.
                   A        B        C        D        E       F      G
               +--------+--------+--------+--------+--------+-----+--------+
         Total |   1934 |   1830 |    104 |      0 |      0 |   5 |  386.8 |
       Dungeon |   1934 |   1830 |    104 |      0 |      0 |   5 |  386.8 |
               +--------+--------+--------+--------+--------+-----+--------+

Top non-repeatable levels by time:
     D:2: 532 daAuts
     D:4: 499 daAuts
     D:3: 481 daAuts
     D:1: 419 daAuts
     D:5: 1 daAuts
